AoeStats
← AiM | PiscolaPromedio

Nomad

508339036Analyzed
4v4 RM · 10d ago on Sep 22, 2026· 41m 25s· 8 players
Game mode
Random Map
Map size
231×231
Population
200
Speed
Normal
Resources
Standard
Victory
Conquest
Starting age
Dark Age
Ending age
Imperial Age
RankedLock teamsTeams togetherTeam positionsShared explorationLock speedFull tech treeHidden civsTurbo modeCheats
Victory
Defeat
🇧🇷 Wei · Brazil
1600
+11
🇲🇽 Italians · Mexico
1534
+13
🇧🇷 Goths · Brazil
1500
+15
🇧🇷 Aztecs · Brazil
1454
+17
🇲🇽 Armenians · Mexico
1534
-16
🇲🇽 Gurjaras · Mexico
1468
-14
🇨🇱 Malians · Chile
1460
-13
🇨🇱 Mongols · Chile
1445
-13
AiM | PiscolaPromedio
4:49 Loom
12:07 Feudal Age
12:44 Double-Bit Axe
15:52 Fletching
26:37 Horse Collar
33:57 Castle Age
EL MAYA
3:54 Loom
14:14 Feudal Age
18:09 Castle Age
16:59 Bloodlines
17:12 Scale Barding Armor
17:20 Forging
22:55 Iron Casting
23:28 Scale Barding Armor
26:32 Chain Barding Armor
34:03 Fletching
34:53 Bodkin Arrow
36:37 Wheelbarrow
Wa Tong Xing Plata
6:23 Loom
14:15 Feudal Age
18:44 Castle Age
17:38 Double-Bit Axe
19:36 Bow Saw
20:48 Horse Collar
26:06 Scale Barding Armor
27:50 Wheelbarrow
27:29 Forging
28:34 Wheelbarrow
34:05 Fletching
37:48 Bloodlines
37:47 Town Watch
43:11 Imperial Age
MZTK | V
4:44 Loom
14:27 Feudal Age
18:28 Castle Age
16:45 Double-Bit Axe
16:41 Horse Collar
17:02 Fletching
17:57 Padded Archer Armor
18:27 Gold Mining
18:27 Stone Mining
19:41 Bodkin Arrow
26:46 Wheelbarrow
26:25 Redemption
26:26 Fervor
28:25 Leather Archer Armor
35:16 Imperial Age
33:08 Squires
32:29 Pikeman
33:25 Forging
33:16 Scale Mail Armor
33:50 Halberdier
37:13 Scale Mail Armor
37:24 Forging
37:47 Ring Archer Armor
39:59 Chemistry
GAX | ERV
5:04 Loom
12:44 Feudal Age
16:53 Castle Age
17:56 Scale Barding Armor
17:35 Fishing Lines
19:39 Gillnets
20:46 Chain Barding Armor
21:05 Forging
20:53 Town Watch
27:02 Light Cavalry
27:55 Bloodlines
28:02 Double-Bit Axe
27:59 Horse Collar
30:43 Wheelbarrow
32:18 Fletching
32:41 Bow Saw
32:31 Heavy Plow
33:47 Iron Casting
37:33 Imperial Age
35:19 Hand Cart
35:05 Bodkin Arrow
36:36 Padded Archer Armor
36:31 Gold Mining
37:49 Leather Archer Armor
38:19 Bracer
39:21 Chemistry
39:06 Coinage
39:22 Ring Archer Armor
39:14 Ballistics
40:58 Two-Man Saw
39:50 Stone Mining
40:31 Crop Rotation
42:22 Stone Shaft Mining
GAX | Dattatreyaa
7:37 Loom
15:36 Feudal Age
16:38 Double-Bit Axe
17:27 Fishing Lines
20:10 Castle Age
18:14 Stone Mining
20:26 Forging
20:40 Scale Mail Armor
21:10 Pikeman
26:51 Squires
33:32 Chain Mail Armor
35:57 Iron Casting
35:48 Gold Mining
37:29 Fletching
38:12 Gillnets
38:34 Bow Saw
38:07 Horse Collar
GAX | Kareca
4:51 Loom
13:20 Feudal Age
14:24 Town Watch
17:20 Castle Age
15:30 Double-Bit Axe
16:40 Fishing Lines
18:23 Bow Saw
19:50 Gillnets
21:19 Wheelbarrow
30:36 Imperial Age
28:41 Fletching
29:03 Gold Mining
29:59 Bodkin Arrow
30:26 Ballistics
30:33 Padded Archer Armor
30:35 Elite Skirmisher
32:15 Bracer
33:17 Chemistry
32:58 Conscription
33:20 Leather Archer Armor
34:34 Ring Archer Armor
35:23 Scale Mail Armor
35:33 Forging
35:25 Squires
35:11 Arson
35:51 Pikeman
36:54 Scale Barding Armor
37:17 Thumb Ring
38:12 Chain Mail Armor
38:57 Masonry
39:29 Iron Casting
Wise™
4:36 Loom
12:16 Feudal Age
12:53 Double-Bit Axe
14:31 Gold Mining
14:35 Fishing Lines
16:01 Horse Collar
22:33 Castle Age
23:08 Demolition Ship
24:09 Medium Warships
28:18 Eagle Warrior
29:34 Gillnets
30:00 Bow Saw
29:43 Pikeman
30:23 Squires
30:32 Scale Mail Armor
30:42 Forging
37:53 Chain Mail Armor
38:13 Iron Casting
38:17 Arson
42:24 Wheelbarrow
Connection lost

Rejoining the realm…

Still unreachable

The connection could not be restored.

Session expired

The server has moved on; the page needs a fresh start.